 Dungeon Crawl Stone Soup version 0.20.1-1-g8b1a95d (webtiles) character file.

40 Irenicus the Sneak (level 3, -1/26 HPs)
             Began as an Octopode Chaos Knight on Oct 9, 2017.
             Slain by a spatial vortex (17 damage)
             ... summoned by the capriciousness of Xom
             ... on level 2 of the Dungeon.
             The game lasted 00:02:45 (1071 turns).

Irenicus the Sneak (Octopode Chaos Knight)          Turns: 1071, Time: 00:02:46

Health: -1/26      AC:  1    Str: 11    XL:     3   Next: 50%
Magic:  3/3        EV: 13    Int: 14    God:    Xom [*.....]
Gold:   63         SH:  0    Dex: 12    Spells: 2/2 levels left

rFire    . . .     SeeInvis .     - Unarmed
rCold    . . .     Gourm    .   (no shield)
rNeg     . . .     Faith    .   (helmet restricted)
rPois    .         Spirit   .   (no amulet)
rElec    .         Reflect  .   (no ring)
rCorr    .         Harm     .   (no ring)
MR       .....                  (no ring)
Stlth    +++.......             (no ring)
Regen    0.1/turn               (no ring)
MPRegen  0.1/turn               (no ring)
                                (no ring)
                                (no ring)

@: no status effects
A: almost no armour, stealthy swim, amphibious, 8 rings, constrict 8, camouflage
1, gelatinous body 1
a: Renounce Religion


You were on level 2 of the Dungeon.
You worshipped Xom.
You were a special plaything of Xom.
You were not hungry.

You visited 1 branch of the dungeon, and saw 2 of its levels.

You collected 63 gold pieces.

Inventory:

Wands
 j - a wand of acid (3/15)
Scrolls
 c - a scroll of enchant armour {unknown}
 e - 2 scrolls of identify {unknown}
 g - 2 scrolls of remove curse {unknown}
Potions
 d - a potion of invisibility {unknown}
 f - a potion of degeneration {unknown}
 h - a potion of flight {unknown}
 i - a potion of brilliance {unknown}
 l - a potion of haste {unknown}
Comestibles
 a - a bread ration
 b - 2 meat rations
 k - a royal jelly


   Skills:
 - Level 3.0 Fighting
 - Level 2.3 Dodging
 - Level 4.0 Stealth
 + Level 3.3 Unarmed Combat


You had 2 spell levels left.
You didn't know any spells.

Dungeon Overview and Level Annotations

Branches:
Dungeon (2/15)

Altars:
Xom

Annotations:
D:2 Terence


Innate Abilities, Weirdness & Mutations

You cannot wear most types of armour.
You are very stealthy in the water. (Stealth+)
You are amphibious.
You can wear up to eight rings at the same time.
You can use your tentacles to constrict eight enemies at once.
Your skin changes colour to match your surroundings (Stealth+).
Your rubbery body absorbs attacks. (AC +1, EV +1)


Message History

You closely miss the adder. You grab the adder. You constrict the adder.
The adder misses you.
You tentacle-slap the adder.
The adder is lightly wounded.
You constrict the adder.
Xom's attention turns to you for a moment.
The adder bites you.
A spatial vortex comes into view.
You tentacle-slap the adder.
The adder is severely wounded.
You constrict the adder. The adder barely misses you.
The spatial vortex completely misses your butterfly.
The adder completely misses you.
You tentacle-slap the adder.
You kill the adder!
The spatial vortex completely misses your butterfly.
You swap places.
The spatial vortex hits you!
Ouch! That really hurt!
You die...
Xom is highly amused!

................#
................#
..#.......#....###
.#.#####.#.......
.........[....♣♣.
...######_##b.♣♣ ♣
#.............♣
...######b#...♣
..._..v@..♣ ♣♣♣
#..######@♣
...._b..b≈≈≈≈≈.
.######.♣♣♣.♣≈≈
#_♣ #.# #.# #<#
#.#


You could see a spatial vortex and Terence.

Vanquished Creatures
  An adder (D:2)
  A leopard gecko (D:1)
  3 bats
  3 goblins
  6 hobgoblins
  4 jackals (D:1)
  A ball python (D:1)
  3 frilled lizards
  2 kobolds (D:1)
  3 rats (D:1)
27 creatures vanquished.

Notes
Turn   | Place    | Note
-------+----------+-------------------------------------------
     0 | D:1      | Irenicus the Octopode Chaos Knight began the quest for the Orb.
     0 | D:1      | Reached XP level 1. HP: 16/16 MP: 1/1
    77 | D:1      | Reached skill level 1 in Stealth
    94 | D:1      | XOM: harmless Erth miscast
    97 | D:1      | Reached skill level 2 in Stealth
   100 | D:1      | XOM: harmless Erth miscast
   167 | D:1      | XOM: divination: magic mapping
   175 | D:1      | Reached XP level 2. HP: 10/21 MP: 2/2
   259 | D:1      | XOM: potion effect (haste)
   264 | D:1      | Reached skill level 3 in Stealth
   465 | D:1      | XOM: divination: detect creatures
   562 | D:1      | XOM: harmless Summ miscast
   700 | D:1      | XOM: silly message
   702 | D:1      | XOM: silly message
   768 | D:1      | Reached XP level 3. HP: 12/26 MP: 3/3
   792 | D:1      | XOM: god gift: shiny silver wand {god gift}
   962 | D:2      | XOM is BORED!
   962 | D:2      | XOM: 2-stop teleportation journey
   964 | D:2      | Reached skill level 4 in Stealth
  1060 | D:2      | Noticed Terence
  1065 | D:2      | XOM: scenery: create altars
  1065 | D:2      | XOM: butterfly on damage
  1068 | D:2      | XOM: medium Tloc miscast
  1069 | D:2      | Noticed a spatial vortex
  1071 | D:2      | Slain by a spatial vortex

Skill      XL: |  1  2  3 |
---------------+----------+-----
Stealth        | 2 3 4 |  4.0
Fighting       | |  3.0
Dodging        | |  2.3
Unarmed Combat | |  3.3

Action                   || total
-------------------------++-------
Melee: Unarmed           ||    58
       Constrict         ||    20
       Tentacles         ||     7
       Punch             ||     2
 Stab: Distracted        ||     1
       Sleeping          ||     5
Armor: Skin              ||     3
Dodge: Dodged            ||    37
